| TOP OF THE 1ST |
|
Hartford Yard Goats batting - Pitching for South Bend Cubs : RHP Roberto Cruz
|
|
Pitching: RHP Roberto Cruz
|
|
|
Batting: LHB Nick Martin
|
0-0: Ball 1-0: Ball 2-0: Foul Ball, location: 2F 2-1: Ball 3-1: Base on Balls
|
|
Batting: RHB T.J. Williams
|
0-0: Ball 1-0: Called Strike 1-1: Ball 2-1: Ball 3-1: Called Strike 3-2: Foul Ball, location: 2F 3-2: SINGLE (Groundball, 34D, EV 101.9 MPH) Nick Martin to second Nick Martin to third
|
|
Batting: RHB Andy Rayer
|
0-0: Called Strike 0-1: Ball 1-1: Foul Ball, location: 2F 1-2: Foul Ball, location: 2F 1-2: Ball 2-2: Strikes out swinging
|
|
Batting: SHB Ken Griffey IV
|
0-0: Ball Wild Pitch! Nick Martin scores T.J. Williams to second 1-0: Called Strike 1-1: Fly out, F8 (Flyball, 8LD, EV 101.9 MPH)
|
|
Batting: LHB Harry Folsom
|
0-0: Ground out 3-1 (Groundball, 34, EV 110.6 MPH)
|
| Top of the 1st over - 1 run, 1 hit, 0 errors, 1 left on base; Hartford 1 - South Bend 0 |
| BOTTOM OF THE 1ST |
|
South Bend Cubs batting - Pitching for Hartford Yard Goats : LHP Jason Peck
|
|
Pitching: LHP Jason Peck
|
|
|
Batting: RHB Andy Huntley
|
0-0: Called Strike 0-1: SINGLE (Groundball, 4MS, EV 63.1 MPH) (infield hit)
|
|
Batting: LHB Kwang-chih Men
|
0-0: Ball 1-0: Foul Ball, location: 2F 1-1: Foul Ball, location: 2F 1-2: Ball 2-2: Ball 3-2: Foul Ball, location: 2F 3-2: Strikes out looking Andy Huntley is caught stealing 2nd base 2-6 Batter strikes out.
|
|
Batting: RHB Taylor Garofalo
|
0-0: Ball 1-0: Ball 2-0: Called Strike 2-1: Called Strike 2-2: Strikes out looking
|
| Bottom of the 1st over - 0 runs, 1 hit, 0 errors, 0 left on base; Hartford 1 - South Bend 0 |
| TOP OF THE 2ND |
|
Hartford Yard Goats batting - Pitching for South Bend Cubs : RHP Roberto Cruz
|
|
Batting: LHB Daniel Green
|
0-0: Called Strike 0-1: Ball 1-1: Foul Ball, location: 2F 1-2: SINGLE (Groundball, 34S, EV 67.5 MPH) (infield hit)
|
|
Batting: LHB Georges Lambert
|
0-0: Ball 1-0: Ball 2-0: Foul Ball, location: 2F 2-1: Swinging Strike 2-2: Foul Ball, location: 2F 2-2: Fly out, F9 (Flyball, 9, EV 85.6 MPH)
|
|
Batting: RHB Willie Benito
|
0-0: Called Strike 0-1: Grounds into double play, 6-4-3 (Groundball, 6, EV 106.9 MPH)
|
| Top of the 2nd over - 0 runs, 1 hit, 0 errors, 0 left on base; Hartford 1 - South Bend 0 |
| BOTTOM OF THE 2ND |
|
South Bend Cubs batting - Pitching for Hartford Yard Goats : LHP Jason Peck
|
|
Batting: RHB Juan Bonilla
|
0-0: Ground out 4-3 (Groundball, 4, EV 83.1 MPH)
|
|
Batting: RHB Puluke Konane
|
0-0: Foul Ball, location: 2F 0-1: Foul Ball, location: 2F 0-2: Ball 1-2: Ball 2-2: Foul Ball, location: 2F 2-2: Foul Ball, location: 2F 2-2: Ball 3-2: Base on Balls
|
|
Batting: RHB Denis Rachin
|
0-0: Ball 1-0: Called Strike Puluke Konane steals 2nd base 1-1: Foul Ball, location: 2F 1-2: Ball 2-2: Ball 3-2: Foul Ball, location: 2F 3-2: Ground out 1-3 (Groundball, P, EV 70.6 MPH) Puluke Konane to third
|
|
Batting: RHB Ryan Bush
|
0-0: DOUBLE (Line Drive, 89D, EV 100.0 MPH) Puluke Konane scores
|
|
Batting: LHB Adam Conover
|
0-0: Ball 1-0: Swinging Strike 1-1: Ball 2-1: Foul Ball, location: 2F 2-2: Ball 3-2: Base on Balls
|
|
Batting: LHB Hiroki Yamamoto
|
0-0: Called Strike 0-1: Ball 1-1: Ball 2-1: Ground out U3 (Groundball, 3S, EV 86.9 MPH)
|
| Bottom of the 2nd over - 1 run, 1 hit, 0 errors, 2 left on base; Hartford 1 - South Bend 1 |
| TOP OF THE 3RD |
|
Hartford Yard Goats batting - Pitching for South Bend Cubs : RHP Roberto Cruz
|
|
Batting: LHB Tom Bemis
|
0-0: Ball 1-0: Foul Ball, location: 2F 1-1: Foul Ball, location: 2F 1-2: Foul Ball, location: 2F 1-2: Foul Ball, location: 2F 1-2: Ball 2-2: Ball 3-2: SINGLE (Groundball, 4MD, EV 107.5 MPH)
|
|
Batting: LHB Nick Martin
|
0-0: Ball 1-0: Ball 2-0: Ball 3-0: Base on Balls Tom Bemis to second
|
|
Batting: RHB T.J. Williams
|
0-0: Ball 1-0: Swinging Strike 1-1: Ball 2-1: Called Strike 2-2: SINGLE (Groundball, 34, EV 99.4 MPH) Tom Bemis to third Nick Martin to second
|
|
Batting: RHB Andy Rayer
|
0-0: Called Strike 0-1: Ball 1-1: Foul Ball, location: 2F 1-2: Foul Ball, location: 2F 1-2: Strikes out swinging
|
|
Batting: SHB Ken Griffey IV
|
0-0: Swinging Strike 0-1: Ball 1-1: Foul Ball, location: 2F 1-2: Ball 2-2: Ball 3-2: Foul Ball, location: 2F 3-2: Foul Ball, location: 2F 3-2: Strikes out looking
|
|
Batting: LHB Harry Folsom
|
0-0: Called Strike 0-1: Ball 1-1: Called Strike 1-2: Ball 2-2: Strikes out looking
|
| Top of the 3rd over - 0 runs, 2 hits, 0 errors, 3 left on base; Hartford 1 - South Bend 1 |
| BOTTOM OF THE 3RD |
|
South Bend Cubs batting - Pitching for Hartford Yard Goats : LHP Jason Peck
|
|
Batting: RHB Andy Huntley
|
0-0: Foul Ball, location: 2F 0-1: Ball 1-1: Ball 2-1: Foul Ball, location: 2F 2-2: Ball 3-2: SINGLE (Line Drive, 56, EV 96.9 MPH)
|
|
Batting: LHB Kwang-chih Men
|
0-0: Called Strike 0-1: Ball 1-1: Fly out, F7 (Flyball, 7S, EV 96.2 MPH)
|
|
Batting: RHB Taylor Garofalo
|
0-0: Foul Ball, location: 2F 0-1: Swinging Strike 0-2: Foul Ball, location: 2F 0-2: SINGLE (Groundball, 34, EV 102.5 MPH) Andy Huntley to second Runner from 2nd tries for 3rd, SAFE, no throw by RF
|
|
Batting: RHB Juan Bonilla
|
0-0: SINGLE (Groundball, 56D, EV 95.6 MPH) Andy Huntley scores Taylor Garofalo to second
|
|
Batting: RHB Puluke Konane
|
0-0: Fielders Choice at 2nd, 6-4 (Groundball, 6, EV 100.0 MPH) Taylor Garofalo to third
|
|
Batting: RHB Denis Rachin
|
0-0: Called Strike 0-1: Ball 1-1: Foul Ball, location: 2F 1-2: Ball 2-2: Ball 3-2: Foul Ball, location: 2F 3-2: Strikes out swinging
|
| Bottom of the 3rd over - 1 run, 3 hits, 0 errors, 2 left on base; Hartford 1 - South Bend 2 |
| TOP OF THE 4TH |
|
Hartford Yard Goats batting - Pitching for South Bend Cubs : RHP Roberto Cruz
|
|
Batting: LHB Daniel Green
|
0-0: Ground out U3 (Groundball, 3, EV 107.5 MPH)
|
|
Batting: LHB Georges Lambert
|
0-0: Foul Ball, location: 2F 0-1: Called Strike 0-2: Foul Ball, location: 2F 0-2: Ball 1-2: Strikes out swinging, 2-3 out at first.
|
|
Batting: RHB Willie Benito
|
0-0: Ball 1-0: Ball 2-0: Ball 3-0: Base on Balls
|
|
Batting: LHB Tom Bemis
|
0-0: Called Strike 0-1: Called Strike 0-2: Ball 1-2: Ball 2-2: Foul Ball, location: 2F 2-2: Ball Wild Pitch! Willie Benito to second 3-2: Foul Ball, location: 2F 3-2: Strikes out swinging
|
| Top of the 4th over - 0 runs, 0 hits, 0 errors, 1 left on base; Hartford 1 - South Bend 2 |
| BOTTOM OF THE 4TH |
|
South Bend Cubs batting - Pitching for Hartford Yard Goats : LHP Jason Peck
|
|
Batting: RHB Ryan Bush
|
0-0: Foul Ball, location: 2F 0-1: Ground out U3 (Groundball, 3L, EV 90.0 MPH)
|
|
Batting: LHB Adam Conover
|
0-0: Ball 1-0: Ball 2-0: Called Strike 2-1: Fly out, F8 (Flyball, 78D, EV 84.4 MPH)
|
|
Batting: LHB Hiroki Yamamoto
|
0-0: Called Strike 0-1: Foul Ball, location: 2F 0-2: Ground out 4-3 (Groundball, 4, EV 88.8 MPH)
|
| Bottom of the 4th over - 0 runs, 0 hits, 0 errors, 0 left on base; Hartford 1 - South Bend 2 |
| TOP OF THE 5TH |
|
Hartford Yard Goats batting - Pitching for South Bend Cubs : RHP Roberto Cruz
|
|
Pitching: RHP Velimir Sljivancanin
|
|
|
Batting: LHB Nick Martin
|
0-0: Called Strike 0-1: Called Strike 0-2: Ball 1-2: Ball 2-2: TRIPLE (Line Drive, 78XD, EV 108.8 MPH)
|
|
Batting: RHB T.J. Williams
|
0-0: Ball 1-0: Ball 2-0: Ball 3-0: Base on Balls
|
|
Batting: RHB Andy Rayer
|
0-0: Fly out, F9 (Flyball, 9, EV 90.6 MPH) Runner from 3rd tags up, SCORES, no throw by RF
|
|
Batting: SHB Ken Griffey IV
|
0-0: Called Strike T.J. Williams steals 2nd base 0-1: Called Strike 0-2: Strikes out swinging
|
|
Batting: LHB Harry Folsom
|
0-0: Foul Ball, location: 2F 0-1: Swinging Strike 0-2: Ball 1-2: SINGLE (Groundball, 6MS, EV 85.0 MPH) (infield hit) T.J. Williams to third
|
|
Batting: LHB Daniel Green
|
0-0: Ball 1-0: Ball 2-0: Ball 3-0: Base on Balls Harry Folsom to second
|
|
Batting: LHB Georges Lambert
|
0-0: Ball 1-0: Ball 2-0: Ball 3-0: Called Strike 3-1: SINGLE (Line Drive, 4M, EV 108.8 MPH) T.J. Williams scores Harry Folsom to third Daniel Green to second Runner from 3rd tries for Home, throw by CF and OUT! 8-2
|
| Top of the 5th over - 2 runs, 3 hits, 0 errors, 2 left on base; Hartford 3 - South Bend 2 |
| BOTTOM OF THE 5TH |
|
South Bend Cubs batting - Pitching for Hartford Yard Goats : LHP Jason Peck
|
|
Batting: RHB Andy Huntley
|
0-0: SOLO HOME RUN (Line Drive, 78XD, EV 105.6 MPH), Distance : 425 ft
|
|
Batting: LHB Kwang-chih Men
|
0-0: Ball 1-0: Ball 2-0: Ball 3-0: Called Strike 3-1: Base on Balls
|
|
Pitching: RHP Curt De Kock
|
|
|
Batting: RHB Taylor Garofalo
|
0-0: Called Strike 0-1: SINGLE (Line Drive, 3D, EV 107.5 MPH) Kwang-chih Men to second
|
|
Batting: RHB Juan Bonilla
|
0-0: Called Strike 0-1: Ball 1-1: Called Strike 1-2: Grounds into double play, 5-4-3 (Groundball, 56, EV 82.5 MPH) Kwang-chih Men to third
|
|
Batting: RHB Puluke Konane
|
0-0: Called Strike 0-1: Ground out 6-3 (Groundball, 6M, EV 93.1 MPH)
|
| Bottom of the 5th over - 1 run, 2 hits, 0 errors, 1 left on base; Hartford 3 - South Bend 3 |
| TOP OF THE 6TH |
|
Hartford Yard Goats batting - Pitching for South Bend Cubs : RHP Velimir Sljivancanin
|
|
Batting: RHB Willie Benito
|
0-0: Called Strike 0-1: Swinging Strike 0-2: Ball 1-2: Ball 2-2: Strikes out swinging
|
|
Pitching: RHP Angel Pesina
|
|
|
Batting: LHB Tom Bemis
|
0-0: Ball 1-0: Fly out, F8 (Line Drive, 8LM, EV 98.8 MPH)
|
|
Batting: LHB Nick Martin
|
0-0: Ball 1-0: Ball 2-0: Foul Ball, location: 2F 2-1: Ball 3-1: Foul Ball, location: 2F 3-2: Base on Balls
|
|
Batting: RHB T.J. Williams
|
0-0: Called Strike Nick Martin is caught stealing 2nd base 2-4
|
| Top of the 6th over - 0 runs, 0 hits, 0 errors, 0 left on base; Hartford 3 - South Bend 3 |
| BOTTOM OF THE 6TH |
|
South Bend Cubs batting - Pitching for Hartford Yard Goats : RHP Curt De Kock
|
|
Batting: RHB Denis Rachin
|
0-0: Swinging Strike 0-1: Ground out 6-3 (Groundball, 56, EV 108.1 MPH)
|
|
Batting: RHB Ryan Bush
|
0-0: Ball 1-0: Called Strike 1-1: Called Strike 1-2: Ball 2-2: Ground out U3 (Groundball, 34, EV 80.0 MPH)
|
|
Batting: LHB Adam Conover
|
0-0: Ball 1-0: Ground out U3 (Groundball, 3, EV 90.6 MPH)
|
| Bottom of the 6th over - 0 runs, 0 hits, 0 errors, 0 left on base; Hartford 3 - South Bend 3 |
| TOP OF THE 7TH |
|
Hartford Yard Goats batting - Pitching for South Bend Cubs : RHP Angel Pesina
|
|
Batting: RHB T.J. Williams
|
0-0: Foul Ball, location: 2F 0-1: Swinging Strike 0-2: Foul Ball, location: 2F 0-2: Foul Ball, location: 2F 0-2: Strikes out swinging
|
|
Batting: RHB Andy Rayer
|
0-0: Ball 1-0: Called Strike 1-1: Ball 2-1: Fly out, F6 (Line Drive, 6, EV 68.1 MPH)
|
|
Batting: SHB Ken Griffey IV
|
0-0: Hit by Pitch
|
|
Batting: LHB Harry Folsom
|
0-0: Swinging Strike 0-1: Called Strike 0-2: Reached on error, E5 (Groundball, 25, EV 86.2 MPH) Ken Griffey IV to second
|
|
Batting: LHB Daniel Green
|
0-0: Foul Ball, location: 2F 0-1: Foul Ball, location: 2F 0-2: Foul Ball, location: 2F 0-2: Ball 1-2: Strikes out looking
|
| Top of the 7th over - 0 runs, 0 hits, 1 error, 2 left on base; Hartford 3 - South Bend 3 |
| BOTTOM OF THE 7TH |
|
South Bend Cubs batting - Pitching for Hartford Yard Goats : RHP Curt De Kock
|
|
Pitching: RHP Ryan Squire
|
|
|
Batting: LHB Hiroki Yamamoto
|
0-0: Ball 1-0: Hit by Pitch
|
|
Batting: RHB Andy Huntley
|
0-0: Ball Hiroki Yamamoto steals 2nd base 1-0: Ball 2-0: Ball 3-0: Base on Balls
|
|
Batting: LHB Kwang-chih Men
|
0-0: Ball 1-0: Called Strike 1-1: Ball 2-1: Fly out, F6 (Popup, 6, EV 77.5 MPH)
|
|
Batting: RHB Taylor Garofalo
|
0-0: Ball 1-0: Ball Hiroki Yamamoto steals 3rd, throwing error, E2 Hiroki Yamamoto scores Andy Huntley to third 2-0: Ball 3-0: Base on Balls
|
|
Batting: RHB Juan Bonilla
|
0-0: Ball 1-0: Foul Ball, location: 2F 1-1: Foul Ball, location: 2F 1-2: Ball 2-2: Ball 3-2: Grounds into double play, 4-6-3 (Groundball, 4, EV 94.4 MPH)
|
| Bottom of the 7th over - 1 run, 0 hits, 1 error, 1 left on base; Hartford 3 - South Bend 4 |
| TOP OF THE 8TH |
|
Hartford Yard Goats batting - Pitching for South Bend Cubs : RHP Angel Pesina
|
|
Batting: LHB Georges Lambert
|
0-0: Foul Ball, location: 2F 0-1: Called Strike 0-2: Ball 1-2: Ball 2-2: Strikes out swinging
|
|
Batting: RHB Willie Benito
|
0-0: Called Strike 0-1: Swinging Strike 0-2: Strikes out swinging
|
|
Pitching: LHP Tom Mooney
|
|
|
Batting: LHB Tom Bemis
|
0-0: Ball 1-0: Ground out 6-3 (Groundball, 4M, EV 108.8 MPH)
|
| Top of the 8th over - 0 runs, 0 hits, 0 errors, 0 left on base; Hartford 3 - South Bend 4 |
| BOTTOM OF THE 8TH |
|
South Bend Cubs batting - Pitching for Hartford Yard Goats : RHP Ryan Squire
|
|
Pitching: RHP Bobby Servin
|
|
|
Batting: RHB Puluke Konane
|
0-0: SINGLE (Groundball, 6MD, EV 102.5 MPH)
|
|
Batting: RHB Denis Rachin
|
0-0: Ball 1-0: Ball 2-0: Grounds into double play, 6-4-3 (Groundball, 6, EV 82.5 MPH)
|
|
Batting: RHB Ryan Bush
|
0-0: Foul Ball, location: 2F 0-1: Called Strike 0-2: Strikes out swinging
|
| Bottom of the 8th over - 0 runs, 1 hit, 0 errors, 0 left on base; Hartford 3 - South Bend 4 |
| TOP OF THE 9TH |
|
Hartford Yard Goats batting - Pitching for South Bend Cubs : LHP Tom Mooney
|
|
Pitching: RHP Jose Mata
|
|
|
Batting: LHB Nick Martin
|
0-0: Ball 1-0: Foul Ball, location: 2F 1-1: Called Strike 1-2: DOUBLE (Groundball, 3L, EV 103.8 MPH)
|
|
Batting: RHB T.J. Williams
|
0-0: Ball Wild Pitch! Nick Martin to third 1-0: Foul Ball, location: 2F 1-1: Fly out, F7 (Flyball, 7, EV 85.6 MPH)
|
|
Batting: RHB Andy Rayer
|
0-0: Ball 1-0: Ground out 6-3 (Groundball, 6, EV 80.6 MPH)
|
|
Batting: SHB Ken Griffey IV
|
0-0: Foul Ball, location: 2F 0-1: Foul Ball, location: 2F 0-2: Strikes out swinging
|
| Top of the 9th over - 0 runs, 1 hit, 0 errors, 1 left on base; Hartford 3 - South Bend 4 |
|